 Dungeon Crawl Stone Soup version 0.30.1-11-g7821555f0a (webtiles) character file.

Game seed: 5599227605106853981

584218 anacleto the Axe Maniac (level 25, -12/358 (370) HPs)
             Began as a Minotaur Berserker on Jan 3, 2024.
             Was a High Priest of Trog.
             Mangled by an emperor scorpion (17 damage)
             ... summoned by a royal mummy
             ... on level 1 of the Tomb of the Ancients.
             The game lasted 04:35:50 (93068 turns).

anacleto the Axe Maniac (Minotaur Berserker)       Turns: 93068, Time: 04:35:51

HP:   -12/358 (370) AC: 32    Str: 32    XL:     25   Next: 47%
MP:   25/25         EV:  2    Int:  6    God:    Trog [*****.]
Gold: 4317          SH:  0    Dex:  8    Spells: 24/24 levels left

rFire   . . .        a - +8 frozen axe "Frostbite" {freeze, freezing cloud, *Noise Fly rC+}
rCold   + . .        (shield currently unavailable)
rNeg    . . .        P - melded +8 orange crystal plate armour {Archmagi, Int+3 Clar}
rPois   +            l - melded +1 hat {Will+}
rElec   +            I - melded +2 cloak {rPois}
rCorr   +            Q - melded +2 pair of gloves {infuse}
SInv    +            o - melded +4 pair of boots of Distant Worlds {Will+ rCorr Int-2 Dex+2}
Will    +++..        L - amulet "Xat Liv" {rElec Regen+ rCorr Int+4}
Stlth   +            Y - ring of the Hare {EV+10}
HPRegen 1.59/turn    p - ring "Remafizi" {rElec Will+ Slay+2 SInv}
MPRegen 0.19/turn

%: random rage (9%)
@: tree-form, slowed, lightly drained, unable to read, very slow
A: stationary, stasis, torment immunity, boosted hp, (horns 2), (retaliatory
headbutt), berserk 2, clumsy 2, dopey 1, low MP 2, strong-willed 1, screaming 1,
subdued magic 1, inability to read after injury 1
}: 4/15 runes: serpentine, barnacled, slimy, silver
a: Renounce Religion, Berserk, Trog's Hand, Brothers in Arms


You were on level 1 of the Tomb of the Ancients.
You worshipped Trog.
Trog was extremely pleased with you.
You were a tree.
You visited 11 branches of the dungeon, and saw 51 of its levels.
You visited 1 bazaar.
You also visited: Trove, Bailey, Gauntlet and Desolation.

You collected 8199 gold pieces.
You spent 3882 gold pieces at shops.

Inventory:

Hand Weapons
 a - the +8 frozen axe "Frostbite" (weapon) {freeze, freezing cloud, *Noise Fly rC+}
   (You found it on level 14 of the Dungeon)

   rC:        It protects you from cold.
   Fly:       It grants you flight.
   *Noise:    It may make noises in combat.
 b - the +6 arbalest "Damnation" {damnation}
   (You found it on level 4 of the Shoals)
 t - a +9 executioner's axe of flaming
Missiles
 d - 3 throwing nets
Armour
 l - a +1 hat of willpower (melded)
 o - the +4 pair of boots of Distant Worlds (melded) {Will+ rCorr Int-2 Dex+2}
   (You found it in a treasure trove)

   Int:       It affects your intelligence (-2).
   Dex:       It affects your dexterity (+2).
   rCorr:     It protects you from acid and corrosion.
   Will:      It increases your willpower.
 I - a +2 cloak of poison resistance (melded)
 P - the +8 orange crystal plate armour (melded) {Archmagi, Int+3 Clar}
   (You found it on level 2 of the Depths)

   Int:       It affects your intelligence (+3).
   Clar:      It protects you from confusion, rage, mesmerisation and fear.
 Q - a +2 pair of gloves of infusion (melded)
Jewellery
 p - the ring "Remafizi" (right branch) {rElec Will+ Slay+2 SInv}
   (You bought it in a shop on level 2 of the Orcish Mines)

   [ring of see invisible]

   Slay:      It affects your accuracy & damage with ranged weapons and melee
   (+2).
   rElec:     It insulates you from electricity.
   SInv:      It lets you see invisible.
   Will:      It increases your willpower.
 u - the amulet "Coagg" {rElec Regen+ Str+3 Int+3}
   (You took it off an ironbound convoker on level 5 of the Vaults)

   [amulet of regeneration]

   Str:       It affects your strength (+3).
   Int:       It affects your intelligence (+3).
   rElec:     It insulates you from electricity.
   Regen:     It increases your rate of health regeneration.
 L - the amulet "Xat Liv" (around neck) {rElec Regen+ rCorr Int+4}
   (You found it on level 12 of the Dungeon)

   [amulet of regeneration]

   Int:       It affects your intelligence (+4).
   rElec:     It insulates you from electricity.
   Regen:     It increases your rate of health regeneration.
   rCorr:     It protects you from acid and corrosion.
 R - a +6 ring of strength
 Y - the ring of the Hare (left branch) {EV+10}
   (You bought it in a shop on level 3 of the Snake Pit)

   [ring of evasion]

   EV:        It affects your evasion (+10).
Wands
 r - a wand of mindburst (66)
 s - a wand of light (59)
 y - a wand of flame (88)
 A - a wand of polymorph (49)
 G - a wand of roots (79)
 H - a wand of digging (17)
 M - a wand of charming (48)
Scrolls
 e - 2 scrolls of butterflies
 f - 7 scrolls of fog
 g - 3 scrolls of silence
 k - 6 scrolls of poison
 m - 5 scrolls of magic mapping
 n - 5 scrolls of vulnerability
 v - 11 scrolls of fear
 E - 16 scrolls of enchant armour
 K - 12 scrolls of teleportation
 O - 5 scrolls of immolation
 V - a scroll of brand weapon
Potions
 c - 17 potions of curing
 i - 6 potions of berserk rage
 j - 3 potions of heal wounds
 q - 9 potions of flight
 w - a potion of resistance
 x - 5 potions of lignification
 z - a potion of might
 C - 6 potions of cancellation
 D - 11 potions of mutation
 F - 5 potions of ambrosia
 J - 5 potions of attraction
 W - a potion of haste
Miscellaneous
 B - a piece from Xom's chessboard (15/15)
 N - a lightning rod (4/4)
 S - a phial of floods
 T - a box of beasts


   Skills:
 * Level 24.5 Fighting
 O Level 27 Axes
 + Level 21.3 Ranged Weapons
 + Level 23.3 Armour
 + Level 21.6 Dodging
 - Level 13.5 Invocations
 - Level 4.9 Evocations


You had 24 spell levels left.
You didn't know any spells.
Your spell library was empty.

Dungeon Overview and Level Annotations

Branches:
Dungeon (15/15)            Temple (0/1) D:7            Lair (5/5) D:10
 Shoals (4/4) Lair:3        Snake (4/4) Lair:2        Slime (5/5) Lair:5
    Orc (2/2) D:10            Elf (3/3) Orc:2        Vaults (5/5) D:14
  Crypt (3/3) Vaults:2       Tomb (1/3) Crypt:3      Depths (4/4) D:15
    Zot (0/5) Depths:4     Bailey (visited)         Desolation (visited)
Gauntlet (visited)

Altars:
Ashenzari
Dithmenos
Elyvilon
Fedhas
Kikubaaqudgha
Makhleb
Uskayaw
Vehumet
Wu Jian
Xom
Yredelemnul
Zin
Jiyva
Lugonu

Shops:
D:2 ?   D:8 *   Orc:2 *([=   Elf:2 (   Elf:3 [   Shoals:3 (   Snake:3 *
Snake:4 (   Vaults:4 (

Portals:
Hell: Depths:1 Depths:2 Depths:3 Depths:4
Abyss: Lair:5 Depths:3 Depths:4
Pandemonium: Depths:2
Ziggurat: Depths:4

Annotations:
D:1 1 transporter
Lair:2 1 runed translucent door, wWBigheadWw's ghost, novice MiBe
Elf:3 1 runed translucent door, sheffield53's ghost, veteran MiBe


Innate Abilities, Weirdness & Mutations

You are a tree.
Your roots penetrate the ground, keeping you stationary.
You cannot be teleported.
You are immune to unholy pain and torment.
Your maximum health is greatly increased.
Your equipment is partially melded.
((You have a pair of horns on your head.))
((You reflexively headbutt those who attack you in melee.))
You have an uncontrollable temper.
You are very clumsy. (Dex -4)
You are dopey. (Int -2)
Your magical capacity is very low. (-20% MP)
You are strong-willed. (Will+)
You occasionally shout uncontrollably at your foes.
Your spells are a little easier to cast, but a little less powerful.
You occasionally lose the ability to read scrolls when taking damage.


Message History

* * * LOW HITPOINT WARNING * * *
The death scarab drains your vigour!
You feel as though you will be slow longer.
The death scarab draws strength from your injuries!
The death scarab bites you.
* * * LOW HITPOINT WARNING * * *
The death scarab draws strength from your injuries!
The emperor scorpion barely misses you.
The emperor scorpion claws you but does no damage. x2
The royal mummy gestures wildly while chanting.
The death scarab bites you!
* * * LOW HITPOINT WARNING * * *
The death scarab drains your vigour!
You feel as though you will be slow longer.
The death scarab draws strength from your injuries!
The emperor scorpion stings you but does no damage.
The emperor scorpion claws you but does no damage. x2
The emperor scorpion stings you.
* * * LOW HITPOINT WARNING * * *
The emperor scorpion claws you but does no damage. x2
Your deep troll goes berserk!
The death scarab bites your deep troll!!
The death scarab drains your deep troll's vigour!
Your deep troll seems to slow down.
The death scarab bites you!
* * * LOW HITPOINT WARNING * * *
The death scarab drains your vigour!
You feel as though you will be slow longer.
The death scarab draws strength from your injuries!
The death scarab barely misses you.
The death scarab barely misses your deep troll.
The death scarab barely misses you. The death scarab bites your deep troll!
The royal mummy gestures at you while chanting.
Something smites you!
* * * LOW HITPOINT WARNING * * *
The death scarab bites you.
* * * LOW HITPOINT WARNING * * *
The death scarab draws strength from your injuries!
The emperor scorpion stings you!
You die...

..#*,,*,,,,*,,#.....^...........*
..#*,,*,,,,*,,#.!...............*
..#*,,*,,,,*,,#...........^.....*
..#*,,**++**,,#.................*
..#*,,#....#..#..#...........#..*
..#*,,#....#.M#..#...........#,,*
..#*,,#8.^.#..#B.#..8.....8..#,,*
..#*,^#.M.....#TB#...........#,,*
..#*,,*,...^.§#B♣#...........#,,*
..#*,,*,,,.B.○#ss#..8.....8..#,,*
..#*,,*8,,,#M☼#.B#...........#,,*
..#*,,*,,,,#sB#..#...........#,,*
:.#*,,*,,,,#MB#ss#..8.....8..#,,*
..#*,,**++*#Ms#M.#...........#,,*
..#*,,*,,,,#BB#sB#...........#,,*
..#*,^*,,,,#s.#s9#..8.....8..#,,*
..#*,,*,,,,#.....#...........#,,,


You could see a royal mummy, 6 emperor scorpions, an ushabti (catching breath),
5 death scarabs and a friendly deep troll (summoned, berserk, slow).

Vanquished Creatures
  the Royal Jelly (Slime:5)
  Dissolution (Slime:3)
  A dread lich (Crypt:3)
  Parghit (Depths:2)
  Saint Roka (Depths:4)
  Margery (Crypt:1)
  4 golden dragons
  Nikola (Shoals:2)
  A profane servitor (Crypt:3)
  A bone dragon (Depths:4)
  A shard shrike zombie (Crypt:3)
  Rupert (D:13)
  Zenata (Vaults:4)
  3 tentacled monstrosities (Vaults:5)
  Asterion (Vaults:1)
  5 liches
  2 titans
  A walking frostbound tome (Depths:4)
  A deep elf blademaster (Elf:2)
  A kraken (Shoals:3)
  25 acid blobs
  10 ancient champions
  11 sphinxes
  Polyphemus (Shoals:4)
  Frances (Snake:1)
  Agnes (D:15)
  Kirke (D:15)
  2 storm dragons
  6 tengu reavers
  4 revenants
  18 azure jellies
  2 deep elf sorcerers
  5 shadow dragons
  6 nagarajas (Snake:4)
  A draconian monk (Depths:4)
  A fenstrider witch (shapeshifter) (Vaults:5)
  17 rockslimes
  3 fire giants
  14 frost giants
  2 curse skulls
  Aizul (Shoals:2)
  A caustic shrike zombie (Crypt:3)
  22 vault wardens
  5 ghouls
  A juggernaut zombie (Crypt:2)
  An imperial myrmidon (Desolation)
  16 ironbound preservers
  A draconian stormcaller (Depths:4)
  21 quicksilver oozes
  2 reapers
  A war gargoyle (Vaults:5)
  9 vampire knights
  18 stone giants
  32 very ugly things
  4 deep elf demonologists
  5 ironbound thunderhulks
  A green draconian (Depths:4)
  2 black draconians (Depths:4)
  5 dire elephants (Vaults:2)
  A white draconian (Depths:4)
  2 minotaurs
  3 deep elf annihilators (Vaults:5)
  9 spark wasps
  A red draconian (Depths:4)
  3 halazid warlocks (Desolation)
  A yellow draconian (Depths:4)
  An acid blob zombie (Crypt:1)
  A quicksilver dragon zombie (Crypt:3)
  4 merfolk impalers
  16 ettins
  5 deep elf death magi
  3 eidola
  4 mummy priests
  A green death (Gauntlet)
  9 ragged hierophants (Desolation)
  5 crystal guardians
  A fire dragon (shapeshifter) (Vaults:5)
  4 deep elf high priests
  17 jiangshi
  An entropy weaver (shapeshifter) (D:13)
  10 great orbs of eyes
  A spriggan zombie (Crypt:3)
  5 fire dragons
  2 entropy weavers
  10 yaktaur captains
  5 hydras
  3 rakshasas
  6 peacekeepers
  26 vault guards
  Fannar (Lair:3)
  Harold (D:9)
  2 ogre magi (Vaults:5)
  7 servants of whispers
  4 salamander tyrants
  An alligator snapping turtle (Shoals:3)
  2 boulder beetles
  8 two-headed ogres
  3 catoblepae
  8 ironbound frosthearts
  8 centaur warriors
  14 anacondas
  A merfolk aquamancer (Shoals:3)
  8 ice dragons
  14 satyrs
  3 spriggan air magi (Depths:2)
  A merfolk avatar (Shoals:1)
  An anaconda (shapeshifter) (Depths:2)
  5 death scarabs (Tomb:1)
  7 death yaks
  4 death knights
  3 deep troll shamans
  15 naga warriors
  5 tengu warriors
  7 deep troll earth magi
  A titan zombie (Crypt:3)
  23 dancing weapons
  7 shock serpents
  8 vampire magi
  8 naga sharpshooters
  3 thrashing horrors (Lair:5)
  4 spriggan berserkers
  15 deep elf knights
  Nergalle (D:11)
  5 soul eaters
  A fire crab (shapeshifter) (Depths:2)
  13 hell knights
  3 salamander mystics
  14 sea snakes
  24 skeletal warriors
  A bunyip zombie (Crypt:3)
  45 deep trolls
  5 iron trolls (Depths:2)
  4 shadow wraiths
  5 glowing orange brains
  An orange crystal statue (Depths:2)
  9 skysharks
  6 flayed ghosts
  An orb spider (shapeshifter) (Depths:2)
  2 swamp dragons (shapeshifter)
  A storm dragon skeleton (Depths:1)
  A bog body (Crypt:2)
  10 wizards
  2 deep trolls (shapeshifter)
  9 naga ritualists
  8 deep elf archers
  A bunyip skeleton (Crypt:3)
  7 lindwurms
  Pikel (D:9)
  A harpy (shapeshifter) (Elf:2)
  A wolf spider (shapeshifter) (Depths:2)
  30 deep elf zephyrmancers
  8 phantasmal warriors
  3 orc knights
  A shadow dragon zombie (Depths:2)
  20 deep elf pyromancers
  8 mana vipers
  20 ironbound convokers
  22 harpies
  15 cyclopes
  15 manticores
  3 orc sorcerers
  6 shining eyes
  8 necromancers
  45 ugly things
  14 fauns
  A tengu skeleton (Depths:2)
  2 moths of wrath (shapeshifter) (Depths:2)
  A wolf spider (Vaults:5)
  15 salamanders
  A shining eye (shapeshifter) (Depths:2)
  A goliath frog skeleton (Crypt:2)
  An iron dragon skeleton (Depths:2)
  A moth of wrath (Bailey)
  7 merfolk sirens
  A frost giant skeleton (Depths:1)
  A naga zombie (Crypt:3)
  44 black mambas
  A centaur zombie (Crypt:2)
  2 black mambas (shapeshifter)
  A shock serpent zombie (Crypt:2)
  A dire elephant zombie (Crypt:3)
  The ghost of leoleoleoleo212121 the Thaumaturge, a novice DEAE of Vehumet (D:7)
  A rust devil (Gauntlet)
  4 elephants (Lair:4)
  An eye of devastation (Slime:2)
  14 naga magi
  6 water nymphs
  19 vault sentinels
  2 smoke demons (Lair:5)
  14 cane toads
  A gargoyle (D:13)
  A grey draconian zombie (Crypt:2)
  An unseen horror (D:10)
  9 guardian serpents
  A centaur skeleton (Crypt:3)
  A rime drake (shapeshifter) (Depths:2)
  A sea snake zombie (Crypt:1)
  A green draconian zombie (Crypt:3)
  A shock serpent skeleton (Crypt:1)
  16 komodo dragons
  4 rime drakes (D:14)
  A kobold demonologist (D:12)
  An efreet (D:15)
  2 komodo dragons (shapeshifter)
  A steelbarb worm zombie (Crypt:2)
  5 freezing wraiths
  42 yaktaurs
  7 trolls
  4 tengu conjurers
  13 guardian mummies
  2 ancient zymes (Lair:5)
  An ice devil (Depths:2)
  2 shadow dragon simulacra
  3 polar bears
  30 merfolk
  3 wind drakes
  A hydra zombie (Crypt:3)
  5 hornets
  A sea snake skeleton (Crypt:3)
  A meliai (shapeshifter) (Lair:5)
  A harpy skeleton (Crypt:3)
  A hornet (shapeshifter) (D:13)
  2 tarantellas (shapeshifter)
  2 fire dragon zombies
  Prince Ribbit (D:6)
  2 ettin zombies (Crypt:3)
  A dream sheep (shapeshifter) (Depths:2)
  49 saltlings
  27 blink frogs
  68 slime creatures
  5 snapping turtles
  10 dream sheep
  A raiju (Bailey)
  An ettin skeleton (Crypt:1)
  3 centaur simulacra
  6 spriggans
  4 ynoxinuls
  8 water elementals
  3 air elementals
  2 culicivoras (shapeshifter) (Depths:2)
  10 wraiths
  25 yaks
  2 fire bats (Depths:2)
  Eustachio (D:6)
  3 ushabtiu (Crypt:3)
  3 hogs (D:15)
  2 chaos spawn (Lair:5)
  Grum (D:11)
  16 humans (D:13)
  6 golden eyes (Slime:5)
  2 fire elementals (Elf:2)
  3 basilisks
  A neqoxec (Depths:2)
  5 wyverns
  A golden eye (shapeshifter) (Depths:2)
  2 steam dragons
  2 large abominations (Lair:5)
  2 spriggan simulacra
  46 nagas
  6 vampire mosquitoes
  Menkaure (D:6)
  3 swamp worms (Gauntlet)
  3 wargs
  An acid dragon (D:11)
  20 water moccasins
  An acid dragon (shapeshifter) (Elf:2)
  A floating eye (Slime:2)
  A water nymph skeleton (Crypt:3)
  A merfolk skeleton (Crypt:3)
  A meliai simulacrum (D:14)
  A sky beast (D:7)
  4 black bears
  21 orc warriors
  A blink frog zombie (Crypt:1)
  14 wolves
  10 ogres
  An elephant skeleton (Crypt:2)
  7 centaurs
  A lemure (D:9)
  2 kobold brigands
  8 bullfrogs
  2 earth elementals
  2 gnoll sergeants
  A scorpion (D:6)
  9 wights
  A water moccasin skeleton (Crypt:1)
  7 small abominations (Lair:5)
  A raiju zombie (Crypt:1)
  A shapeshifter zombie (Crypt:1)
  2 killer bees (D:11)
  3 electric eels (Lair:2)
  8 howler monkeys
  A wolf zombie (Crypt:1)
  A wolf skeleton (Crypt:1)
  3 lava snakes (Lair:2)
  3 iron imps (Gauntlet)
  4 human zombies (Crypt:1)
  2 hounds (D:7)
  2 jellies
  17 orc priests
  3 human skeletons
  A sleepcap (D:4)
  Jessica (D:2)
  Terence (D:2)
  5 iguanas
  Natasha (D:2)
  A boggart zombie (Crypt:3)
  16 orc wizards
  6 hell rats (Lair:5)
  A tengu zombie (Crypt:2)
  An acid dragon skeleton (Crypt:3)
  A boggart simulacrum (D:14)
  21 mummies
  16 gnolls
  7 adders
  A shadow imp (D:6)
  15 white imps
  2 ufetubi
  An iguana skeleton (Crypt:2)
  A worm (D:4)
  3 dart slugs
  80 orcs
  5 bats
  9 endoplasms
  8 giant cockroaches
  16 goblins
  9 hobgoblins
  6 jackals
  20 kobolds
  2 quokkas
  5 ball pythons
  3 frilled lizards
  A jackal skeleton (Crypt:1)
  5 rats
  5 tentacles (Shoals:3)
2164 creatures vanquished.

Vanquished Creatures (collateral kills)
  Mara (Depths:1)
  A tentacled monstrosity (Vaults:5)
  A titan (Vaults:5)
  A merfolk impaler (Shoals:2)
  An ironbound frostheart (Vaults:1)
  A manticore (Shoals:3)
  3 merfolk
  A snapping turtle (Shoals:3)
  A kobold (Shoals:2)
11 creatures vanquished.

Vanquished Creatures (others)
  A tengu reaver (Vaults:4)
  A rockslime (Slime:5)
  An ogre mage (Vaults:4)
  A merfolk siren (Shoals:1)
  An orc (Vaults:5)
  4 kobolds (Shoals:2)
  7 tentacles (Shoals:3)
16 creatures vanquished.

Grand Total: 2191 creatures vanquished

Notes
Turn   | Place    | Note
-------+----------+-------------------------------------------
     0 | D:1      | anacleto the Minotaur Berserker began the quest for the
                  | Orb.
     0 | D:1      | Reached XP level 1. HP: 19/19 MP: 0/0
   141 | D:1      | Reached XP level 2. HP: 27/27 MP: 1/1
   263 | D:1      | Reached skill level 4 in Axes
   507 | D:1      | Reached ** piety under Trog
   522 | D:1      | Reached XP level 3. HP: 30/33 MP: 2/2
   601 | D:1      | Reached skill level 1 in Ranged Weapons
   944 | D:2      | Noticed Jessica
  1051 | D:2      | Killed Jessica
  1134 | D:2      | Reached XP level 4. HP: 40/40 MP: 3/3
  1510 | D:2      | Noticed Terence
  1519 | D:2      | Killed Terence
  1621 | D:2      | Noticed Natasha
  1627 | D:2      | Killed Natasha
  1628 | D:2      | Reached skill level 5 in Axes
  1628 | D:2      | Reached XP level 5. HP: 47/47 MP: 4/4
  1646 | D:2      | Found The Oracle's Delphic Readings.
  1656 | D:2      | Bought a scroll of identify for 28 gold pieces
  1656 | D:2      | Bought a scroll of fear for 56 gold pieces
  1656 | D:2      | Bought a scroll of noise for 14 gold pieces
  1901 | D:3      | Found a burning altar of Makhleb.
  1901 | D:3      | Found an ancient bone altar of Kikubaaqudgha.
  1901 | D:3      | Found a basalt altar of Yredelemnul.
  2038 | D:3      | Reached *** piety under Trog
  2757 | D:4      | Noticed an ogre
  2764 | D:4      | Killed an ogre
  2765 | D:4      | Reached XP level 6. HP: 55/55 MP: 5/5
  3107 | D:5      | Entered Level 5 of the Dungeon
  3116 | D:4      | Reached skill level 5 in Fighting
  3341 | D:4      | Reached skill level 6 in Axes
  3727 | D:5      | Reached XP level 7. HP: 61/61 MP: 6/6
  5368 | D:5      | Reached skill level 7 in Axes
  5600 | D:5      | Reached skill level 5 in Armour
  5902 | D:6      | Reached XP level 8. HP: 70/70 MP: 7/7
  6156 | D:6      | Noticed Prince Ribbit
  6402 | D:6      | Killed Prince Ribbit
  6403 | D:6      | Reached skill level 8 in Axes
  6688 | D:6      | Noticed Menkaure
  7232 | D:6      | Noticed Eustachio
  7699 | D:6      | Reached skill level 5 in Dodging
  7699 | D:6      | Killed Eustachio
  8471 | D:6      | Killed Menkaure
  9027 | D:6      | Reached skill level 9 in Axes
  9027 | D:6      | Reached XP level 9. HP: 40/74 MP: 8/8
  9829 | D:7      | Found a staircase to the Ecumenical Temple.
  9877 | D:7      | Reached skill level 5 in Ranged Weapons
 10235 | D:7      | Found a runed translucent gate.
 10236 | D:7      | Found a runed translucent gate.
 10236 | D:7      | Found a runed translucent gate.
 10238 | D:7      | Noticed leoleoleoleo212121's ghost (novice DEAE)
 11043 | D:8      | Found a shadowy altar of Dithmenos.
 11799 | D:8      | Found Napnas's Profane Products.
 11857 | D:8      | Noticed a white ugly thing
 11867 | D:8      | Killed a white ugly thing
 11868 | D:8      | Reached skill level 10 in Axes
 13397 | D:9      | Found a flagged portal.
 13421 | Bailey   | Entered a bailey
 14017 | Bailey   | Noticed an orc knight
 14039 | Bailey   | Reached XP level 10. HP: 21/88 MP: 9/9
 14039 | Bailey   | Killed an orc knight
 14040 | Bailey   | Reached skill level 11 in Axes
 14289 | Bailey   | Noticed an orc knight
 14289 | Bailey   | Noticed an orc knight
 14293 | Bailey   | an orc knight changed into a moth of wrath
 14293 | Bailey   | Noticed a moth of wrath
 14294 | Bailey   | an orc knight changed into a raiju
 14300 | Bailey   | Killed a moth of wrath
 14489 | D:9      | Noticed Harold
 14505 | D:10     | Entered Level 10 of the Dungeon
 14613 | D:9      | Noticed Pikel
 14627 | D:9      | Killed Pikel
 15077 | D:9      | Killed Harold
 15078 | D:9      | Reached skill level 12 in Axes
 15835 | D:10     | Found a staircase to the Orcish Mines.
 16156 | D:9      | Reached XP level 11. HP: 86/97 MP: 10/10
 16855 | D:10     | Found a staircase to the Lair.
 17531 | D:11     | You fall into a shaft and drop 1 floor!
 17688 | D:11     | Noticed Grum
 17700 | D:11     | Killed Grum
 17896 | D:11     | Noticed Nergalle
 18026 | D:11     | Killed Nergalle
 18351 | D:11     | Reached skill level 13 in Axes
 19015 | D:12     | Identified the amulet "Xat Liv" {rElec Regen+ rCorr Int+4}
 19149 | D:12     | Found a portal to a secret trove of treasure.
 19366 | D:12     | Noticed a white ugly thing
 19373 | D:12     | Killed a white ugly thing
 19524 | D:12     | Noticed a skeletal warrior
 19524 | D:12     | Noticed a skeletal warrior
 19524 | D:12     | Noticed a skeletal warrior
 19524 | D:12     | Noticed a skeletal warrior
 19539 | D:11     | Killed a skeletal warrior
 19540 | D:11     | Reached skill level 10 in Fighting
 19693 | D:11     | Killed a skeletal warrior
 19698 | D:11     | Killed a skeletal warrior
 19763 | D:12     | Killed a skeletal warrior
 20047 | D:13     | Reached skill level 14 in Axes
 20688 | D:13     | Reached XP level 12. HP: 107/107 MP: 11/11
 20697 | D:13     | Reached skill level 10 in Armour
 20941 | D:13     | Noticed an entropy weaver
 20951 | D:13     | Killed an entropy weaver
 21059 | D:12     | You paid a toll of 5 potions of resistance to enter a
                  | treasure trove
 21060 | Trove    | Entered a treasure trove
 21070 | Trove    | Identified the +0 pair of boots "Igiu" {Int+4 Stlth+}
 21072 | Trove    | Identified the +4 pair of boots of Distant Worlds {Will+
                  | rCorr Int-2 Dex+2}
 21111 | Trove    | Identified the +1 helmet of Disaster {Rampage rElec rC+}
 21113 | Trove    | Identified the +1 helmet of Hangman {Int+3}
 21114 | Trove    | Identified the +0 helmet of Generosity {rPois Str+4}
 21130 | Trove    | Identified the +0 pair of gloves of Untruth {rC+}
 21132 | Trove    | Identified the +0 pair of gloves of a ziggurat {Harm rF+
                  | rC- Int+5}
 21159 | Trove    | Identified the +1 buckler "Effu" {rN+}
 21830 | Orc:1    | Entered Level 1 of the Orcish Mines
 22412 | Orc:1    | Reached **** piety under Trog
 22706 | Orc:2    | Entered Level 2 of the Orcish Mines
 22810 | Orc:2    | Found Meubb's General Store.
 22810 | Orc:2    | Noticed an ettin
 22816 | Orc:2    | Killed an ettin
 22820 | Orc:2    | Reached skill level 15 in Axes
 22890 | Orc:2    | Bought a scroll of identify for 30 gold pieces
 22890 | Orc:2    | Bought a scroll of identify for 30 gold pieces
 22890 | Orc:2    | Bought a scroll of identify for 30 gold pieces
 22890 | Orc:2    | Bought a scroll of teleportation for 45 gold pieces
 22890 | Orc:2    | Bought the ring "Remafizi" {rElec Will+ Slay+2 SInv} for
                  | 645 gold pieces
 22938 | Orc:2    | Found Ivaas's Antique Armour Boutique.
 22938 | Orc:2    | Noticed an ettin
 22952 | Orc:2    | Killed an ettin
 23040 | Orc:2    | Noticed an ettin
 23053 | Orc:2    | Killed an ettin
 23054 | Orc:2    | Found Qesicv Siho's Jewellery Shop.
 23146 | Orc:2    | Found Zuizext's Antique Weapon Boutique.
 23146 | Orc:2    | Noticed a stone giant
 23244 | Orc:2    | Killed a stone giant
 23245 | Orc:2    | Reached skill level 10 in Dodging
 23282 | Orc:2    | Found a staircase to the Elven Halls.
 24201 | Orc:2    | Bought the ring "Inidued" {+Blink Str+6} for 700 gold
                  | pieces
 24359 | D:14     | Noticed Rupert
 24359 | D:14     | Noticed a centaur warrior
 24359 | D:14     | Found a gate to the Vaults.
 24365 | D:13     | Reached XP level 13. HP: 107/116 MP: 9/12
 24507 | D:13     | Reached skill level 10 in Ranged Weapons
 24508 | D:13     | Reached skill level 1 in Invocations
 24512 | D:13     | Killed Rupert
 24513 | D:13     | Reached skill level 16 in Axes
 24513 | D:13     | Reached skill level 1 in Evocations
 24877 | Lair:1   | Entered Level 1 of the Lair of Beasts
 26326 | Lair:2   | Found a gate leading to a gauntlet.
 26333 | Gauntlet | Entered a Gauntlet
 26333 | Gauntlet | Found a transporter.
 26349 | Gauntlet | Found a transporter.
 26362 | Gauntlet | Found a transporter.
 26370 | Gauntlet | Found a transporter.
 26388 | Gauntlet | Found a transporter.
 26408 | Gauntlet | Found a transporter.
 26415 | Gauntlet | Noticed a reaper
 26420 | Gauntlet | Found a transporter.
 26420 | Gauntlet | Noticed a green death
 26432 | Gauntlet | Found a transporter.
 26444 | Gauntlet | Found a transporter.
 26456 | Gauntlet | Found a transporter.
 26473 | Gauntlet | Found a transporter.
 26491 | Gauntlet | Found a transporter.
 26493 | Gauntlet | Found a transporter.
 26520 | Gauntlet | Found a transporter.
 26524 | Gauntlet | Found a transporter.
 26526 | Gauntlet | Found a transporter.
 26571 | Gauntlet | Found a transporter.
 26645 | Gauntlet | Found a transporter.
 26775 | Gauntlet | Killed a green death
 26805 | Gauntlet | Identified the staff of death "Reclol Bagra" {rPois rN+
                  | rCorr SInv}
 26948 | Gauntlet | Noticed a minotaur
 26955 | Gauntlet | Killed a minotaur
 26956 | Gauntlet | Identified the staff of conjuration "Ugaaschope" {rElec
                  | rCorr}
 27103 | Lair:2   | Found a runed translucent door.
 27103 | Lair:2   | Found a shimmering altar of Xom.
 27103 | Lair:2   | Noticed wWBigheadWw's ghost (novice MiBe)
 27885 | Lair:2   | Found a staircase to the Snake Pit.
 28311 | D:7      | Killed leoleoleoleo212121's ghost
 28475 | Lair:3   | Noticed Fannar
 28516 | Lair:3   | Killed Fannar
 28810 | Lair:3   | Reached XP level 14. HP: 127/127 MP: 14/16
 29081 | Lair:3   | Reached skill level 17 in Axes
 29188 | Lair:3   | Identified the +0 pair of gloves of True Grit {rPois rF-
                  | Regen+ Int-3}
 29371 | Lair:3   | Found a staircase to the Shoals.
 29730 | Lair:4   | Reached skill level 5 in Invocations
 29900 | Lair:4   | Reached ***** piety under Trog
 30971 | Lair:5   | Entered Level 5 of the Lair of Beasts
 31444 | Lair:5   | Found a staircase to the Slime Pits.
 31444 | Lair:5   | Found a viscous altar of Jiyva.
 32470 | Lair:5   | Received a gift from Trog
 32470 | Lair:5   | Found the +5 woodcutter's axe
 32670 | Lair:5   | Reached skill level 18 in Axes
 33280 | Lair:5   | Reached XP level 15. HP: 133/135 MP: 16/19
 33454 | Lair:5   | Found a corrupted altar of Lugonu.
 33454 | Lair:5   | Found a one-way gate to the infinite horrors of the Abyss.
 33648 | Snake:1  | Entered Level 1 of the Snake Pit
 33908 | Snake:1  | Reached skill level 19 in Axes
 33908 | Snake:1  | Reached XP level 16. HP: 144/144 MP: 20/20
 35522 | Snake:2  | Noticed Frances
 35567 | Snake:1  | Killed Frances
 36589 | Snake:2  | Received a gift from Trog
 37000 | Snake:3  | Reached skill level 20 in Axes
 38365 | Snake:3  | Reached skill level 10 in Invocations
 38756 | Snake:3  | Reached XP level 17. HP: 152/152 MP: 21/23
 39037 | Snake:3  | Found Anorgh's General Store.
 39290 | Snake:4  | Entered Level 4 of the Snake Pit
 39694 | Snake:4  | Found Haesink's Antique Weapon Emporium.
 40147 | Snake:4  | Found a blossoming altar of Fedhas.
 40159 | Snake:4  | Identified the +6 whip of Inference {spect, rCorr MP+9
                  | Dex+2}
 40657 | Snake:4  | Identified the +8 quarterstaff "Ygoteal" {freeze, rF++
                  | Str+4}
 41553 | Snake:4  | Reached skill level 21 in Axes
 43600 | Snake:4  | Got a serpentine rune of Zot
 44500 | D:14     | Found a white marble altar of Elyvilon.
 44708 | D:14     | Found the +8 frozen axe "Frostbite" {freeze, freezing
                  | cloud, *Noise Fly rC+}
 44725 | D:14     | Received a gift from Trog
 45035 | D:14     | Reached skill level 15 in Fighting
 45587 | D:14     | Found a shadowy altar of Dithmenos.
 46138 | D:15     | Entered Level 15 of the Dungeon
 46155 | D:15     | Noticed Kirke
 46160 | D:15     | Noticed Agnes
 46166 | D:15     | Killed Kirke
 46168 | D:15     | Killed Agnes
 46286 | D:15     | Found a broken altar of Ashenzari.
 46466 | D:15     | Reached skill level 15 in Armour
 46928 | D:15     | Found a staircase to the Depths.
 47075 | D:15     | Reached XP level 18. HP: 153/163 MP: 23/26
 47386 | Elf:1    | Entered Level 1 of the Elven Halls
 47644 | Elf:1    | Identified the +6 scimitar "Cicoe" {flame, rF+}
 47799 | Elf:1    | Received a gift from Trog
 47974 | Elf:1    | Gained mutation: You are clumsy. (Dex -2) [a neqoxec]
 47979 | Elf:1    | Reached skill level 22 in Axes
 49936 | Elf:2    | Found Yvitt's Antique Weapon Emporium.
 50157 | Elf:2    | Found a runed translucent gate.
 50158 | Elf:2    | Found a runed translucent gate.
 50158 | Elf:2    | Found a runed translucent gate.
 51196 | Elf:2    | Received a gift from Trog
 51632 | Elf:3    | Entered Level 3 of the Elven Halls
 52190 | Elf:3    | Found a runed translucent door.
 52191 | Elf:3    | Noticed sheffield53's ghost (veteran MiBe)
 52490 | Elf:3    | Found Osketitu's Antique Armour Boutique.
 53004 | Shoals:1 | Entered Level 1 of the Shoals
 54685 | Shoals:2 | Received a gift from Trog
 54731 | Shoals:2 | Noticed Aizul
 54739 | Shoals:1 | Reached XP level 19. HP: 172/172 MP: 19/28
 54900 | Shoals:2 | Killed Aizul
 54966 | Shoals:2 | Reached skill level 23 in Axes
 55206 | Shoals:2 | Noticed Nikola
 55228 | Shoals:2 | Killed Nikola
 55257 | Shoals:2 | Identified the +10 glaive "Ygaddare" {protect, rN+}
 55371 | Shoals:2 | Found a gateway to a bazaar.
 55384 | Bazaar   | Entered a bazaar
 55447 | Bazaar   | Found Vig Uhie's Antique Weapon Shoppe.
 55458 | Bazaar   | Found Zygeaguf's Antique Weapon Emporium.
 55477 | Bazaar   | Found Fosiweom's Antique Armour Shoppe.
 55488 | Bazaar   | Found Lefok's Antique Armour Emporium.
 56646 | Shoals:3 | Reached skill level 15 in Dodging
 57723 | Shoals:3 | Found Gohig's Weapon Boutique.
 58487 | Shoals:4 | Entered Level 4 of the Shoals
 58487 | Shoals:4 | Noticed Polyphemus
 58709 | Shoals:3 | Reached skill level 15 in Ranged Weapons
 58867 | Shoals:4 | Killed Polyphemus
 59933 | Shoals:4 | Identified the +3 battleaxe of Conflict {flame, Will+}
                  | (Trog gifted it to you on level 4 of the Shoals)
 59933 | Shoals:4 | Received a gift from Trog
 60755 | Shoals:4 | Found the +6 arbalest "Damnation" {damnation}
 60928 | Shoals:4 | Got a barnacled rune of Zot
 61496 | Vaults:1 | Entered Level 1 of the Vaults
 61563 | Vaults:1 | Reached skill level 24 in Axes
 62076 | Vaults:1 | Noticed Asterion
 62123 | Vaults:1 | Reached XP level 20. HP: 177/184 MP: 26/29
 62506 | Vaults:1 | Received a gift from Trog
 62759 | Vaults:1 | Killed Asterion
 63636 | Vaults:2 | Found a staircase to the Crypt.
 63636 | Vaults:2 | Found a basalt altar of Yredelemnul.
 63636 | Vaults:2 | Found an ancient bone altar of Kikubaaqudgha.
 64224 | Vaults:2 | Received a gift from Trog
 64296 | Vaults:2 | Identified the +7 chain mail of Vanity {Dex+9}
 65036 | Snake:3  | Bought the ring of the Hare {EV+10} for 2304 gold pieces
 65036 | Snake:3  | Found the ring of the Hare {EV+10}
 65059 | Snake:3  | Found the +7 lajatang of Order {silver, rMut}
 65622 | Vaults:3 | Reached skill level 25 in Axes
 65775 | Vaults:3 | Found a crumbling gateway.
 65789 | Desolati | Entered the Desolation of Salt
 66063 | Desolati | Identified the +1 glaive of Micuosm {freeze, rElec}
 66065 | Desolati | Identified the amulet of the Scarab {Acrobat Drain rElec
                  | Will+}
 66067 | Desolati | Identified the amulet "Weghurre" {Acrobat +Inv rElec}
 66153 | Desolati | Reached ****** piety under Trog
 66164 | Desolati | Identified the +1 hand axe of Bijuoh {elec, rF+ rN+}
 66217 | Desolati | Received a gift from Trog
 66502 | Desolati | Identified the ring of Yhoygi {Dex+4 SInv}
 66575 | Desolati | Identified the +6 rapier of the Asp {heavy, rCorr Dex-2
                  | Stlth+}
 66582 | Desolati | Identified the +3 whip of Cataclysm {antimagic, Will+ Str+3
                  | Int+2}
 67018 | Vaults:3 | Reached XP level 21. HP: 194/194 MP: 21/30
 67210 | Vaults:3 | Identified the +0 robe of the Beginning {*Corrode rPois
                  | Str+3}
 67215 | Vaults:3 | Identified the +0 hat of Melancholy {rElec Will++ rCorr
                  | Dex-4}
 67248 | Vaults:3 | Found a radiant altar of Vehumet.
 68200 | Vaults:4 | Received a gift from Trog
 68560 | Vaults:4 | Found Toti's Antique Weapon Shoppe.
 68768 | Vaults:4 | Reached skill level 26 in Axes
 69171 | Vaults:4 | Noticed Zenata
 69182 | Vaults:4 | Killed Zenata
 69633 | Depths:1 | Entered Level 1 of the Depths
 70001 | Depths:1 | Noticed Mara
 70020 | Depths:1 | Killed Mara
 70070 | Depths:1 | Identified the +2 long sword of Lyme Cuicos {venom, rC-
                  | Int+4}
 70225 | Depths:1 | Found a gateway to Hell.
 70267 | Depths:1 | Found a hide-covered altar of Uskayaw.
 70497 | Depths:1 | Found a glowing silver altar of Zin.
 70824 | Depths:2 | Received a gift from Trog
 71169 | Depths:2 | Reached XP level 22. HP: 205/205 MP: 29/31
 71715 | Depths:2 | Identified the +8 double sword of Corruption {flame, rCorr}
 71757 | Depths:2 | Received a gift from Trog
 71765 | Depths:2 | Reached skill level 27 in Axes
 71773 | Depths:2 | Found the +8 orange crystal plate armour {Archmagi, Int+3
                  | Clar}
 71780 | Depths:2 | Identified the +8 chain mail of Dinec {Harm Rampage Int-5
                  | Dex-4}
 71781 | Depths:2 | Identified the +11 long sword "Jaiklel" {heavy, rC+}
 71789 | Depths:2 | Identified the staff of poison "Risackim" {rPois Int+3}
 71990 | Depths:2 | Identified the staff of conjuration "Vummejoz" {rElec
                  | rCorr}
 72261 | Depths:2 | Found an ornate altar of the Wu Jian Council.
 72289 | Depths:2 | Found a one-way gate leading to the halls of Pandemonium.
 72425 | Depths:3 | Noticed Parghit
 72645 | Slime:1  | Entered Level 1 of the Pits of Slime
 72647 | Slime:1  | Gained mutation: You occasionally shout uncontrollably at
                  | your foes. [a shining eye]
 73334 | Slime:2  | Gained mutation: You are strong-willed. (Will+) [a shining
                  | eye]
 73340 | Slime:2  | Gained mutation: You sometimes lose your temper in combat.
                  | [a shining eye]
 73563 | Slime:2  | Gained mutation: You have hidden genetic defects. [a
                  | shining eye]
 74519 | Slime:5  | Entered Level 5 of the Pits of Slime
 74527 | Slime:5  | Gained mutation: Your spells are a little easier to cast,
                  | but a little less powerful. [a shining eye]
 74528 | Slime:5  | Gained mutation: You have an uncontrollable temper. [a
                  | shining eye]
 74862 | Slime:5  | Identified the +13 glaive of Discomfort {flame, Fly rPois
                  | rN+} (Trog gifted it to you on level 5 of the Pits of
                  | Slime)
 74862 | Slime:5  | Received a gift from Trog
 74935 | Slime:5  | Gained mutation: Your magical capacity is low. (-10% MP)
                  | [hidden defects]
 75083 | Slime:5  | Noticed the Royal Jelly
 75137 | Slime:3  | Gained mutation: You occasionally lose the ability to read
                  | scrolls when taking damage. [a shining eye]
 75140 | Slime:3  | Gained mutation: You are very clumsy. (Dex -4) [a shining
                  | eye]
 75141 | Slime:3  | Gained mutation: Your magical capacity is very low. (-20%
                  | MP) [a shining eye]
 75198 | Slime:3  | Noticed Dissolution
 75212 | Slime:3  | Killed Dissolution
 75525 | Slime:5  | Killed the Royal Jelly
 75701 | Slime:5  | Reached XP level 23. HP: 204/217 MP: 20/25
 75779 | Slime:5  | Gained mutation: You are dopey. (Int -2) [hidden defects]
 75779 | Slime:5  | Lost mutation: You have hidden genetic defects. [hidden
                  | defects expressed]
 75836 | Slime:5  | Identified the staff of poison "Dohoenkuis" {rPois Int+2}
 75868 | Slime:5  | Identified the +6 great mace of Truncation {venom, rElec
                  | rF++ Stlth-}
 75892 | Slime:5  | Identified the ring of Xom's Malicious Joy {rN++ Will+ MP+9
                  | Str+6 Int-3}
 75896 | Slime:5  | Identified the +8 morningstar "Jorphysa" {drain, +Blink
                  | rElec rC+}
 75898 | Slime:5  | Got a slimy rune of Zot
 75907 | Slime:5  | Identified the +0 whip of the Five Curses {antimagic,
                  | Contam rC++ Dex+5}
 75908 | Slime:5  | Identified the +2 trident "Ceoraval" {protect, *Noise
                  | Int+5}
 75931 | Slime:5  | Identified the +5 scale mail "Ihamaliw" {rF+ Str-3 Dex+6}
 75937 | Slime:5  | Identified the staff of conjuration "Efiug" {Will+ rCorr
                  | Str+2 Dex-5}
 76780 | Depths:2 | Killed Parghit
 78546 | Depths:4 | Entered Level 4 of the Depths
 78712 | Depths:4 | Received a gift from Trog
 79719 | Depths:4 | Found a gate to the Realm of Zot.
 79982 | Depths:4 | Found a one-way gateway to a ziggurat.
 80322 | Depths:4 | Noticed Saint Roka
 80341 | Depths:4 | Killed Saint Roka
 80790 | Crypt:1  | Entered Level 1 of the Crypt
 81398 | Crypt:1  | Found an ancient bone altar of Kikubaaqudgha.
 81628 | Crypt:1  | Noticed Margery
 81640 | Crypt:1  | Killed Margery
 82626 | Crypt:2  | Received a gift from Trog
 82629 | Crypt:2  | Reached XP level 24. HP: 231/231 MP: 0/25
 84217 | Crypt:2  | Identified the staff of conjuration "Hoscherhi" {rPois rF+}
 84221 | Crypt:2  | Identified the staff of air "Hosaluqi" {rElec Int+5 Dex+5}
 84270 | Crypt:3  | Entered Level 3 of the Crypt
 85692 | Crypt:3  | Received a gift from Trog
 86524 | Crypt:3  | Found an ancient bone altar of Kikubaaqudgha.
 86525 | Crypt:3  | Noticed a dread lich
 86563 | Crypt:3  | Killed a dread lich
 86755 | Crypt:3  | Found a basalt altar of Yredelemnul.
 87093 | Crypt:3  | Found a staircase to the Tomb.
 87547 | Vaults:5 | Entered Level 5 of the Vaults
 87777 | Vaults:4 | Received a gift from Trog
 88467 | Vaults:5 | Received a gift from Trog
 88468 | Vaults:5 | Reached XP level 25. HP: 244/244 MP: 19/25
 89989 | Vaults:5 | Received a gift from Trog
 90037 | Vaults:5 | Identified the amulet "Coagg" {rElec Regen+ Str+3 Int+3}
 90399 | Vaults:5 | Identified the ring of the Hart {Fly rCorr Int-5 Stlth+}
 90833 | Vaults:5 | Got a silver rune of Zot
 92029 | Crypt:3  | Identified the +1 lajatang of the Enchanted Forest {heavy,
                  | rElec rF+ rC+ Stlth-}
 92075 | Crypt:3  | Identified the +5 fire dragon scales of Qaplig {rElec rF++
                  | rC- Will++ Stlth+}
 92177 | Tomb:1   | Entered Level 1 of the Tomb of the Ancients
 92863 | Tomb:1   | Received a gift from Trog
 93055 | Tomb:1   | Identified the +1 chain mail of Jeobaorph {Harm Will+
                  | Stlth+}
 93056 | Tomb:1   | Noticed a royal mummy
 93068 | Tomb:1   | HP: 7/358 [royal mummy/divine providence (17)]
 93068 | Tomb:1   | Mangled by an emperor scorpion

Illustrated notes

Levels and vault maps discovered:
D:1:      spicycebolla_arrival_risky_transporter, layout_basic,
          minmay_misc_feat_five, reono_crystal_passage,
          minmay_misc_feat_diagonals
D:2:      layout_rooms, minmay_gold_behind_fungi, nicolae_nh_oracle_at_delphi,
          uniq_terence, uniq_jessica, uniq_natasha
D:3:      layout_rooms, gammafunk_temple_overflow_claw,
          amcnicky_mini_corridor_feature, minmay_misc_feat_plants
D:4:      layout_gridville
D:5:      layout_rooms, minmay_ogre_servants
D:6:      layout_basic, lemuel_flame_loot_1, uniq_prince_ribbit1, uniq_menkaure,
          uniq_eustachio
D:7:      layout_basic, minmay_temple_entry_mist, ebering_ghost_rock_garden
D:8:      layout_gridville, old_standard_altar, nicolae_evil_shop
D:9:      layout_cave_pods, enter_bailey_5, minmay_misc_feat_nine_boxes,
          uniq_harold, uniq_pikel
D:10:     layout_basic, david_lair_shrubbed, orc_0_dummy
D:11:     layout_cave_pods, minmay_circle_x, uniq_nergalle, uniq_grum
D:12:     layout_roguey, enter_trove_1
D:13:     layout_roguey
D:14:     minmay_coctagon, layout_long_grid, david_vaults_3,
          grunt_dithmenos_smoke_and_mirrors, minmay_hedge_maze, elyvilon_altar_1
D:15:     grunt_enter_depths_giant_problem, layout_long_grid,
          cheibrodos_ashenzari_chains, uniq_kirke, uniq_agnes
Lair:1:   layout_roguey, beast_lair_carwin_10, grunt_megastairs_1
Lair:2:   layout_loops_ring, nicolae_snake_entry_warm_welcome,
          ebering_ghost_xom, gauntlet_entry_generic, serial_bayou_pond_c,
          gammafunk_lair_bear_cave, serial_bayou_shore_a
Lair:3:   layout_gridlike, minmay_shoals_entry_lonely_mermaid, uniq_fannar,
          uniq_rupert
Lair:4:   layout_misc_corridors, portal_ice_cave_entry_imps,
          serial_bayou_lagoon_a, chequers_serial_rivers_room_b
Lair:5:   hellmonk_lair_end_abyssal_woods, layout_concentric_octagons,
          slime_entry_1, dreamdust_deal_with_the_devil, st_stairs_8,
          grunt_megastairs_3
Shoals:1: layout_shoals
Shoals:2: layout_shoals, serial_shops, bzr_entry_customers, uniq_nikola,
          uniq_aizul
Shoals:3: layout_shoals, serial_shops, shop
Shoals:4: shoals_end_hellmonk_lost_city, uniq_polyphemus
Snake:1:  layout_chambers, drop_trap, grunt_megastairs_4
Snake:2:  layout_misc_corridors, nrook_guardian_serpent_ordinary, uniq_frances
Snake:3:  minmay_snake_river, layout_rooms, serial_shops, shop
Snake:4:  minmay_snake_end_coiled, layout_misc_corridors, basic_altar,
          serial_shops, nicolae_shop_stone
Slime:1:  layout_caves
Slime:2:  layout_caves, cheibrodos_slime_lost_civilization_7
Slime:3:  layout_caves, uniq_dissolution
Slime:4:  layout_caves
Slime:5
Orc:1:    layout_diamond_mine, mines4_lemuel
Orc:2:    grunt_orc_gardens, layout_caves, grunt_orc_garden, grunt_orc_garden,
          grunt_orc_garden, grunt_orc_garden, basic_altar
Elf:1:    eino_elf_arrival_sip, layout_loops_ring, hangedman_elf_represent,
          minivault_16
Elf:2:    nicolae_elf_blades_crystal_corner, layout_onion_city, serial_shops,
          shop
Elf:3:    elf_hall_gauntlet_narrow, layout_gridlike, serial_shops,
          nicolae_shop_pleasant_corner_grove, gammafunk_ghost_grave
Vaults:1: hangedman_vaults_slice, nicolae_vaults_network_quinsquares
          [nicolae_vaults_network_quincunx_subvault,
          nicolae_vaults_network_quincunx_subvault,
          nicolae_vaults_network_quincunx_subvault,
          nicolae_vaults_network_quincunx_subvault],
          ontoclasm_vaults_ring_small, nicolae_vaults_surprise_closet,
          layout_vaults_chaotic_city, uniq_asterion
Vaults:2: vaults_dpeg_diagonal, minmay_crypt_entry_necro_gods,
          nicolae_vaults_alarming, nicolae_vaults_doubleplus_tesselated,
          nicolae_vaults_shelves_hall, st_cross, nicolae_vaults_big_ls,
          nicolae_vaults_storage_room_water, nicolae_vaults_tetromino_T_1,
          nicolae_vaults_variable_pillar_hall, nicolae_vaults_cochlea,
          nicolae_vaults_apartment_1, ontoclasm_vaults_pinch, layout_vaults_maze
Vaults:3: portal_desolation_entry_salt, hangedman_vaults_slither,
          grunt_tower_of_power, v_pattern_5, nicolae_vaults_surprise_closet,
          hangedman_vaults_restitches, vaults_room_fancy_cross,
          nicolae_vaults_storage_room_doors, vaults_standard_mumra_lines,
          nicolae_vaults_layer_cake_slice, nicolae_vaults_house_1,
          hangedman_vaults_unwind, nicolae_vaults_double_plus_2,
          layout_vaults_omnibox
Vaults:4: nicolae_vaults_triangles, nicolae_vaults_tetromino_T_1,
          nicolae_vaults_little_ls, nicolae_vaults_security_offices_5,
          nicolae_vaults_tetromino_T_1, v_misc_15, vaults_room_pool,
          nicolae_vaults_border_crossing, hangedman_vaults_impose,
          nicolae_vaults_windows_and_doors_thing, hangedman_vaults_impose,
          v_misc_25, nicolae_vaults_sealed_display, layout_vaults_ring,
          serial_shops, nicolae_shop_statue_plus, uniq_zenata
Vaults:5: serial_shops
Crypt:1:  layout_chaotic_city, basic_altar, grunt_megastairs_2,
          grunt_crypt_arrival_guarded_gate, uniq_margery
Crypt:2:  layout_regular_city, st_burial_chamber
Crypt:3:  lightli_unholy_cathedral, layout_chaotic_city,
          nicolae_tomb_entry_grand_gallery
Tomb:1
Depths:1: layout_cave_pools, old_standard_altar, pf_coc_iceberg,
          chequers_serial_rivers_micro_e, nrook_mini_vaults, zin_academy,
          uniq_mara
Depths:2: vault_1, layout_cave_pools, nzn_wu_jian_council_hall, hell_entry,
          rand_demon_pan_entry_5
Depths:3: wad_pebble_path, layout_cave_pools, hell_entry, abyss_entry,
          uniq_parghit
Depths:4: grunt_x_marks_the_spot, layout_honeycomb, enter_ziggurat_b,
          abyss_entry, grunt_metal_band,
          hangedman_abyss_or_decor_jellyfish_corner,
          chequers_serial_rivers_micro_a, serial_bayou_shore_b, uniq_grunn,
          uniq_saint_roka

Skill      XL: |  1  2  3  4  5  6  7  8  9 10 11 12 13 14 15 16 17 18 19 20 21 22 23 24 25 |
---------------+----------------------------------------------------------------------------+-----
Axes           | 4 5 6 7 9 10 12 14 15 16 18 19 20 21 22 24 25 26 27 | 27.0
Fighting       | 4 5 6 8 9 10 11 12 13 14 15 16 17 18 19 20 21 23 24 | 24.5
Ranged Weapons | 1 2 3 4 6 7 8 9 10 11 12 13 14 15 16 17 18 19 20 21 | 21.3
Armour         | 3 4 5 6 7 8 9 11 12 13 14 15 16 17 18 19 20 21 22 23 | 23.3
Dodging        | 3 4 5 6 7 9 10 11 12 13 14 15 16 17 18 20 21 | 21.6
Invocations    | 4 7 10 12 13 | 13.5
Evocations     | 3 4 |  4.9

Action                     |  1- 3 |  4- 6 |  7- 9 | 10-12 | 13-15 | 16-18 | 19-21 | 22-24 | 25-27 || total
---------------------------+-------+-------+-------+-------+-------+-------+-------+-------+-------++-------
  Melee: Hand axe          |    66 |   116 |   144 |       |       |       |       |       |       ||   326
         Headbutt          |     5 |    20 |    50 |    65 |   120 |   151 |   225 |   278 |    19 ||   933
         Punch             |       |     1 |     1 |       |       |       |       |       |       ||     2
         Battleaxe         |       |       |   150 |   361 |   504 |   503 |       |       |       ||  1518
         Executioner's axe |       |       |       |       |       |   317 |   882 |   963 |    98 ||  2260
   Fire: Shortbow          |       |       |    22 |       |       |       |       |       |       ||    22
         Longbow           |       |       |       |    23 |    86 |   392 |   138 |       |       ||   639
         Arbalest          |       |       |       |       |       |       |   117 |   183 |   150 ||   450
  Throw: Throwing net      |       |     1 |       |       |       |       |       |       |       ||     1
 Invoke: Berserk           |     2 |     7 |    29 |    32 |    19 |    38 |    11 |    29 |     1 ||   168
         Trog's Hand       |       |       |     1 |     1 |       |       |     1 |       |       ||     3
         Brothers in Arms  |       |       |       |     1 |     1 |       |     8 |     5 |     2 ||    17
Ability: Evoke Blink       |       |       |       |       |     5 |       |       |       |       ||     5
  Evoke: Wand              |       |       |       |     6 |     5 |    11 |     5 |     2 |       ||    29
         Lightning rod     |       |       |       |       |     3 |     3 |       |       |       ||     6
         Phial of floods   |       |       |       |       |       |       |     1 |       |       ||     1
    Use: Scroll            |       |     9 |     8 |     8 |    12 |    13 |     4 |     4 |     3 ||    61
         Potion            |       |     1 |     3 |     2 |     4 |     4 |     9 |    12 |     6 ||    41
   Stab: Distracted        |       |       |       |       |     1 |       |       |       |       ||     1
         Invisible         |       |       |       |       |       |     1 |       |       |       ||     1
 Armour: Animal skin       |    12 |     6 |       |       |       |       |       |       |       ||    18
         Ring mail         |       |    29 |    72 |       |       |       |       |       |       ||   101
         Chain mail        |       |       |    14 |       |       |       |       |       |       ||    14
         Plate armour      |       |       |     6 |   264 |   540 |   751 |   557 |    41 |       ||  2159
         Skin              |       |       |       |       |       |       |     3 |       |    24 ||    27
         Crystal plate arm |       |       |       |       |       |       |       |   634 |    75 ||   709
  Dodge: Dodged            |    57 |    82 |   226 |   170 |   440 |   610 |   789 |   983 |   162 ||  3519
